 Dungeon Crawl Stone Soup version 0.30-a0-723-gc1506a1cf0 (webtiles) character file.

Game seed: 12454146651819286986

630 NinjaNoafa the Chopper (level 7, -4/58 (60) HPs)
             Began as a Hill Orc Fighter on Jan 27, 2023.
             Slain by a wyvern skeleton (8 damage)
             ... on level 3 of the Dungeon on Jan 28, 2023.
             The game lasted 00:15:17 (3600 turns).

NinjaNoafa the Chopper (Hill Orc Fighter)           Turns: 3600, Time: 00:15:18

HP:   -4/58 (60)    AC:  7    Str: 21    XL:     7   Next: 48%
MP:   7/7           EV:  8    Int:  8    God:
Gold: 112           SH:  8    Dex: 10    Spells: 6/6 levels left

rFire   . . .      SeeInvis .    t - +0 demon trident
rCold   . . .      Faith    .    q - +0 kite shield
rNeg    . . .      Spirit   .    b - +0 scale mail
rPois   .          Reflect  .    (no helmet)
rElec   .          Harm     .    (no cloak)
rCorr   .          Rampage  .    (no gloves)
Will    .....                    (no boots) Stlth
                                 (no amulet)
HPRegen 0.29/turn                (no ring)
MPRegen 0.10/turn                (no ring)

@: mighty, lightly drained
A: no striking features
a: no special abilities


You were on level 3 of the Dungeon.
You visited 1 branch of the dungeon, and saw 5 of its levels.

You collected 112 gold pieces.

Inventory:

Hand Weapons
 t - a +0 demon trident (weapon)
Missiles
 s - 3 poisoned darts (quivered)
Armour
 b - a +0 scale mail (worn)
 q - a +0 kite shield (worn)
Wands
 j - a wand of charming (7)
Scrolls
 c - a scroll of summoning {unknown}
 d - a scroll of fear {unknown}
 e - a scroll of magic mapping {unknown}
 h - 2 scrolls of noise {unknown}
 i - 2 scrolls of enchant armour {unknown}
 k - 3 scrolls of vulnerability {unknown}
 p - a scroll of fog {unknown}
 r - 2 scrolls of identify {unknown}
Potions
 f - a potion of heal wounds {unknown}
 l - 2 potions of curing {unknown}
 m - a potion of flight {unknown}
 o - a potion of haste {unknown}


   Skills:
 + Level 4.5 Fighting
 - Level 7.9(8.5) Axes
 - Level 3.8(5.7) Polearms
 + Level 4.2 Armour
 + Level 0.7 Dodging
 + Level 3.6 Shields


You had 6 spell levels left.
You didn't know any spells.
Your spell library contained the following spells:

 Spells                   Type           Power      Damage    Failure   Level
 Freezing Cloud           Conj/Ice/Air   0%         6-21      100%        5
 Simulacrum               Ice/Necr       0%         N/A       100%        6
 Polar Vortex             Ice            0%         N/A       100%        9


Dungeon Overview and Level Annotations

Branches:
Dungeon (5/15)
 Temple: D:4-7

Altars:
Ru
Vehumet

Annotations:
D:3 1 transporter
D:5 1 runed translucent door, hbarley's ghost, amateur HuWn


Message History

Tinescath's ghost hits you but does no damage.
You barely miss tinescath's ghost.
Tinescath's ghost is heavily damaged.
Tinescath's ghost points at you and mumbles some strange words.
The magic dart hits you.
* * * LOW HITPOINT WARNING * * *
The necrophage completely misses you.
Tinescath's ghost hits you but does no damage.
The necrophage hits you but does no damage.
You barely miss tinescath's ghost.
Tinescath's ghost is heavily damaged.
Tinescath's ghost hits you.
* * * LOW HITPOINT WARNING * * *
You block the necrophage's attack.
You puncture tinescath's ghost!
Tinescath's ghost is almost destroyed.
You block tinescath's ghost's attack. You block the necrophage's attack.
You closely miss tinescath's ghost.
Tinescath's ghost is almost destroyed.
Tinescath's ghost points at you and mumbles some strange words.
The magic dart hits you.
* * * LOW HITPOINT WARNING * * *
You block the necrophage's attack.
You puncture tinescath's ghost!
You destroy tinescath's ghost!
The necrophage hits you.
* * * LOW HITPOINT WARNING * * *
The wyvern skeleton bites you but does no damage.
You puncture the necrophage!
The necrophage is moderately damaged.
The wyvern skeleton barely misses you. You block the necrophage's attack.
The wyvern skeleton closely misses you.
You barely miss the necrophage.
The necrophage is moderately damaged.
The necrophage hits you.
* * * LOW HITPOINT WARNING * * *
You feel drained.
* * * LOW HITPOINT WARNING * * *
The wyvern skeleton bites you!
You die...

######## .......#
######.############### #
#.................#
####.................#
......#############..#
###...#©..........#..# #
#...#...........#..# #
#...#..###.###@.#..# #
#...#..#8#.#8#nZ#..## #
#...#..........[#...###### #
#..§#.....©....(#©.....†># #
#...#..........?#...####†#
###...#..#8#.#8#..#...# #.#
......#..###.###..#...# #.#
###...#...........#...####.#
#...#.....[.....#...#....#


You could see a necrophage and a wyvern skeleton.

Vanquished Creatures
  The ghost of tinescath the Magician, an amateur DrHW (D:3)
  3 phantoms
  A bullfrog zombie (D:3)
  An orc priest (D:3)
  3 hounds (D:5)
  An iguana (D:3)
  4 gnolls
  5 adders
  A worm (D:2)
  3 orcs (D:3)
  2 ball pythons
  6 endoplasms
  A giant cockroach (D:4)
  4 goblins
  9 hobgoblins
  7 jackals
  3 quokkas
  8 bats
  3 frilled lizards
  5 kobolds
  2 rats
73 creatures vanquished.

Notes
Turn   | Place    | Note
-------+----------+-------------------------------------------
     0 | D:1      | NinjaNoafa the Hill Orc Fighter began the quest for the
                  | Orb.
     0 | D:1      | Reached XP level 1. HP: 19/19 MP: 1/1
    30 | D:1      | Reached XP level 2. HP: 19/27 MP: 2/2
   511 | D:1      | Reached skill level 3 in Axes
   566 | D:1      | Upgraded the game from 0.30-a0-722-g3e6e8c874d to
                  | 0.30-a0-723-gc1506a1cf0
   673 | D:2      | Reached XP level 3. HP: 17/33 MP: 3/3
   674 | D:2      | Reached skill level 4 in Axes
   989 | D:2      | Reached XP level 4. HP: 40/40 MP: 4/4
  1067 | D:2      | Reached skill level 5 in Axes
  1547 | D:3      | Reached XP level 5. HP: 36/46 MP: 5/5
  1641 | D:3      | Reached skill level 6 in Axes
  1675 | D:3      | Found a transporter.
  1677 | D:3      | Noticed tinescath's ghost (amateur DrHW)
  1681 | D:3      | Found a transporter.
  1763 | D:3      | Found a radiant altar of Vehumet.
  1889 | D:3      | Found a sacrificial altar of Ru.
  2501 | D:4      | Noticed a phantom
  2516 | D:4      | Killed a phantom
  2517 | D:4      | Reached skill level 7 in Axes
  2517 | D:4      | Reached XP level 6. HP: 35/52 MP: 6/6
  2523 | D:5      | Entered Level 5 of the Dungeon
  2658 | D:5      | Found a runed translucent door.
  2658 | D:5      | Noticed hbarley's ghost (amateur HuWn)
  2852 | D:5      | Reached XP level 7. HP: 23/59 MP: 7/7
  3038 | D:5      | Noticed a yak
  3039 | D:5      | Noticed a yak
  3039 | D:5      | Noticed a yak
  3598 | D:3      | Killed tinescath's ghost
  3600 | D:3      | Slain by a wyvern skeleton

Illustrated notes

Levels and vault maps discovered:
D:1:      dpeg_arrival_boxes_within_box, layout_basic, grunt_decor_junction,
          hangedman_decor_push
D:2:      layout_loops_cross
D:3:      layout_loops_ring, lemuel_coloured_pillars_altar,
          mainiacjoe_overflow_six_doors_small, gammafunk_ghost_mausoleum
D:4:      layout_cave_pools, minmay_divided_ellipse
D:5:      layout_loops_cross, nicolae_wu_jian_wuxing_cycle,
          hellmonk_ghost_happy_afterlife

Skill      XL: |  1  2  3  4  5  6 |
---------------+-------------------+-----
Fighting       | 4 |  4.5
Armour         | 4 |  4.2
Axes           | 3 4 5 7 |  7.9
Polearms       | 3 |  3.8
Dodging        | |  0.7
Shields        | |  3.6

Action                     |  1- 3 |  4- 6 |  7- 9 || total
---------------------------+-------+-------+-------++-------
  Melee: War axe           |    64 |   114 |       ||   178
         Demon trident     |       |    46 |    56 ||   102
  Throw: Throwing net      |       |       |     1 ||     1
    Use: Potion            |     1 |       |     2 ||     3
 Armour: Scale mail        |    34 |    72 |    36 ||   142
  Dodge: Dodged            |    36 |    73 |    39 ||   148
  Block: Buckler           |    24 |    18 |       ||    42
         Kite shield       |       |    27 |    44 ||    71

Table legend: (Time is in decaauts)
 A = Elapsed time spent in this place.
 B = Non-inter-level travel time spent in this place.
 C = Inter-level travel time spent in this place.
 D = Time resting spent in this place.
 E = Time spent auto-exploring this place.
 F = Levels seen in this place.
 G = Mean time per level.
                   A        B        C        D        E       F      G
               +--------+--------+--------+--------+--------+-----+--------+
         Total |   3680 |   3392 |    288 |    196 |   2362 |   5 |  736.0 |
       Dungeon |   3680 |   3392 |    288 |    196 |   2362 |   5 |  736.0 |
               +--------+--------+--------+--------+--------+-----+--------+

Top non-repeatable levels by time:
     D:3: 1378 daAuts
     D:2: 802 daAuts
     D:1: 717 daAuts
     D:5: 551 daAuts
     D:4: 230 daAuts
